 Dungeon Crawl Stone Soup version 0.21.1-1-g345015fe64 (webtiles) character file.

52 Nattfarinn the Ducker (level 3, 0/28 HPs)
             Began as a Gnoll Wanderer on May 6, 2018.
             Hit by a stone thrown by a kobold (3 damage)
             ... on level 1 of the Dungeon.
             The game lasted 00:02:24 (924 turns).

Nattfarinn the Ducker (Gnoll Wanderer)               Turns: 924, Time: 00:02:25

Health: 0/28       AC:  2    Str: 14    XL:     3   Next: 85%
Magic:  7/7        EV: 20    Int: 14    God:
Gold:   61         SH:  9    Dex: 20    Spells: 6/7 levels left

rFire    . . .     SeeInvis .   j - +1 dagger (venom)
rCold    . . .     Gourm    .   a - +0 shield
rNeg     . . .     Faith    .   d - +0 robe
rPois    .         Spirit   .   (no helmet)
rElec    .         Reflect  .   (no cloak)
rCorr    .         Harm     .   (no gloves)
MR       .....                  (no boots)
Stlth    +++.......             (no amulet)
HPRegen  0.09/turn              (no ring)
MPRegen  0.10/turn              (no ring)

@: agile
A: distributed training, fangs 1, strong nose
a: no special abilities


You were on level 1 of the Dungeon.
You were not hungry.

You visited 1 branch of the dungeon, and saw 2 of its levels.

You collected 61 gold pieces.

Inventory:

Hand Weapons
 c - a +0 spear
 j - a +1 dagger of venom (weapon)
Armour
 a - a +0 shield (worn)
 d - a +0 robe (worn)
Scrolls
 i - a scroll of identify {unknown}
 k - a scroll of remove curse {unknown}
Books
 b - the Compendium of the Escort

   Spells                             Type                      Level
   a - Summon Small Mammal            Summoning                    1
   b - Summon Guardian Golem          Hexes/Summoning              3
Comestibles
 f - 2 rations
 h - 2 chunks of flesh


   Skills:
 + Level 2.6 Fighting
 + Level 0.9 Short Blades
 + Level 0.9 Long Blades
 + Level 0.9 Axes
 + Level 0.9 Maces & Flails
 + Level 2.6 Polearms
 + Level 0.9 Staves
 + Level 0.9 Slings
 + Level 0.9 Bows
 + Level 0.9 Crossbows
 + Level 2.6 Throwing
 + Level 0.9 Armour
 + Level 6.5 Dodging
 + Level 0.9 Stealth
 + Level 2.6 Shields
 + Level 0.9 Unarmed Combat
 + Level 2.8 Spellcasting
 + Level 0.6 Conjurations
 + Level 0.6 Hexes
 + Level 0.6 Charms
 + Level 0.6 Summonings
 + Level 0.6 Necromancy
 + Level 0.6 Translocations
 + Level 3.8 Transmutations
 + Level 0.6 Fire Magic
 + Level 0.6 Ice Magic
 + Level 0.6 Air Magic
 + Level 0.6 Earth Magic
 + Level 0.6 Poison Magic
 + Level 1.0 Invocations
 + Level 0.9 Evocations


You had 6 spell levels left.
You knew the following spells:

 Your Spells              Type           Power        Failure   Level  Hunger
a - Summon Small Mammal   Summ           #...         63%         1    #......


Dungeon Overview and Level Annotations

Branches:
Dungeon (2/15)

Altars:
Makhleb


Innate Abilities, Weirdness & Mutations

Your experience applies equally to all skills.
You have very sharp teeth.
Your uncanny sense of smell can sniff out nearby items.


Message History

You hit the orc but do no damage. You bite the orc, but do no damage.
The orc is moderately wounded.
You block the orc's attack.
You barely miss the orc.
The orc is severely wounded.
You kill the orc!
You hit the orc but do no damage. The orc misses you.
You hit the orc.
The orc is poisoned.
The orc is lightly wounded.
The orc closely misses you.
You hit the orc.
The orc looks even sicker.
The orc is almost dead.
You block the orc's attack.
You barely miss the orc.
The orc is almost dead.
You block the orc's attack.
You hit the orc.
You kill the orc!
The kobold throws a stone.
The stone hits you.
You die...

# #...####..##.........# ###
#...# #.###.>.......# ..##
#.#.####.# #(........# #..#
#.#...#..# #.........# ##.#
#.###.#.## #.........# #.##
#.# #>..####.........#
#..###.# ##.###K..........#
###..##.###..# #[#)........#
.........##..###@#..)......#
####..##.....##..#.........#
####..#####.###.#..........#
.#.....# #..###...##.....#.#
.#.###.###.#....########.#.##
.#.# #.##..#.#.## #.#..# ...#
#.##.#....# ##.##.#### ...#
#....#.#.## #........#
##.####.......# #........#


You could see a kobold.

Vanquished Creatures
  An adder (D:1)
  3 leopard geckos (D:1)
  3 orcs
  5 bats
  3 hobgoblins (D:1)
  7 jackals (D:1)
  4 kobolds (D:1)
  A frilled lizard (D:1)
  4 goblins (D:1)
  3 rats (D:1)
34 creatures vanquished.

Notes
Turn   | Place    | Note
-------+----------+-------------------------------------------
     0 | D:1      | Nattfarinn the Gnoll Wanderer began the quest for the Orb.
     0 | D:1      | Nattfarinn set off with: a +0 shield, the Compendium of the Escort, a +0 spear, a +0 robe, a ration
     0 | D:1      | Reached XP level 1. HP: 17/17 MP: 4/4
     0 | D:1      | Identified the Compendium of the Escort
   133 | D:1      | Reached XP level 2. HP: 23/23 MP: 5/5
   193 | D:1      | Learned a level 1 spell: Summon Small Mammal
   518 | D:1      | Reached XP level 3. HP: 28/28 MP: 7/7
   892 | D:2      | Found a burning altar of Makhleb.
   915 | D:1      | Reached skill level 1 in Invocations
   924 | D:1      | Hit by a stone thrown by a kobold

Skill      XL: |  1  2  3 |
---------------+----------+-----
Invocations    | 1 |  1.0
Fighting       | |  2.6
Short Blades   | |  0.9
Long Blades    | |  0.9
Axes           | |  0.9
Maces & Flails | |  0.9
Polearms       | |  2.6
Staves         | |  0.9
Slings         | |  0.9
Bows           | |  0.9
Crossbows      | |  0.9
Throwing       | |  2.6
Armour         | |  0.9
Dodging        | |  6.5
Stealth        | |  0.9
Shields        | |  2.6
Unarmed Combat | |  0.9
Spellcasting   | |  2.8
Conjurations   | |  0.6
Hexes          | |  0.6
Charms         | |  0.6
Summonings     | |  0.6
Necromancy     | |  0.6
Translocations | |  0.6
Transmutations | |  3.8
Fire Magic     | |  0.6
Ice Magic      | |  0.6
Air Magic      | |  0.6
Earth Magic    | |  0.6
Poison Magic   | |  0.6
Evocations     | |  0.9

Action                   || total
-------------------------++-------
Melee: Spear             ||    87
       Bite              ||    13
       Dagger            ||    32
 Cast: Summon Small Mamm ||     2
  Use: Potion            ||     2
 Stab: Sleeping          ||     1
Armor: Robe              ||    13
Dodge: Dodged            ||    88
Block: Shield            ||    68
